 Dungeon Crawl Stone Soup version 0.30-a0-964-gd452b5e7fa (webtiles) character file.

Game seed: 8093226896170408854

104 Newt the Trooper (level 4, 0/37 HPs)
             Began as a Demonspawn Gladiator on Mar 30, 2023.
             Killed from afar by an orc wizard (7 damage)
             ... with a magic dart
             ... on level 3 of the Dungeon.
             The game lasted 00:02:46 (3169 turns).

Newt the Trooper (Demonspawn Gladiator)             Turns: 3169, Time: 00:02:46

Health: 0/37       AC:  5    Str: 20 (22) XL:     4   Next: 52%
Magic:  4/4        EV: 12    Int:  8 (10) God:
Gold:   125        SH:  4    Dex: 17 (20) Spells: 3/3 levels left

rFire   . . .      SeeInvis .    a - +0 rapier
rCold   . . .      Faith    .    (no shield)
rNeg    . . .      Spirit   .    b - +0 leather armour
rPois   .          Reflect  .    c - +0 helmet
rElec   .          Rampage  .    (no cloak)
rCorr   .                        (no gloves)
Will    .....                    n - +0 pair of boots
Stlth   ++                       (no amulet)
HPRegen 0.26/turn                k - +6 ring of dexterity
MPRegen 0.09/turn                m - +6 ring of strength

@: about to teleport
A: foul stench 1, condensation shield
a: no special abilities


You were on level 3 of the Dungeon.
You visited 1 branch of the dungeon, and saw 3 of its levels.

You collected 125 gold pieces.

Inventory:

Hand Weapons
 a - a +0 rapier (weapon)
Missiles
 d - 3 throwing nets (quivered)
 g - 6 poisoned darts
Armour
 b - a +0 leather armour (worn)
 c - a +0 helmet (worn)
 n - a +0 pair of boots (worn)
Jewellery
 h - a ring of see invisible
 k - a +6 ring of dexterity (left hand)
 m - a +6 ring of strength (right hand)
Scrolls
 i - a scroll of identify
Potions
 j - a potion of ambrosia {unknown}
 l - 2 potions of mutation {unknown}


   Skills:
 - Level 4.0 Fighting
 - Level 2.6 Short Blades
 + Level 2.5 Throwing
 - Level 2.6 Dodging
 - Level 1.5 Stealth


You had 3 spell levels left.
You didn't know any spells.
Your spell library contained the following spells:

 Spells                   Type           Power      Damage    Failure   Level
 Ensorcelled Hibernation  Hex/Ice        0%         N/A       61%         2
 Spider Form              Tmut/Pois      0%         N/A       83%         3
 Anguish                  Hex/Necr       0%         N/A       99%         4


Dungeon Overview and Level Annotations

Branches:
Dungeon (3/15)

Altars:


Innate Abilities, Weirdness & Mutations

You may rarely emit foul miasma when damaged in melee.
A meltable shield of frost defends you. (SH +4)


Message History

Deactivating autopickup; reactivate with Ctrl-A.
The orc hits you with a +0 hand axe.
You hit the orc but do no damage. You block the orc's attack.
You barely miss the orc. The orc hits you with a +0 hand axe.
You closely miss the orc. The orc closely misses you.
Throw: javelin
Press: ? - help, Shift-Dir - straight line, f - orc
Aim: an orc, wielding a +0 flail (moderately wounded, 63% to hit)
You throw a javelin. The javelin pierces through the orc!
You kill the orc!
The javelin closely misses the orc.
The javelin pierces through the orc.
The orc is heavily wounded.
The orc throws a boomerang.
The boomerang hits you.
Unknown command.
Unknown command.
Unknown command.
Unknown command.
You closely miss something.
You hear some strange, mumbled words.
A magic dart appears from out of thin air!
The magic dart hits you.
The orc throws a boomerang.
The boomerang barely misses you.
You miss something. Something hits you.
The orc throws a boomerang.
You block the boomerang. Something hits you.
You completely miss something.
You hear some strange, mumbled words.
A magic dart appears from out of thin air!
The magic dart hits you!
* * * LOW HITPOINT WARNING * * *
The orc throws a boomerang.
The boomerang hits you.
* * * LOW HITPOINT WARNING * * *
As you read the scroll of teleportation, it crumbles to dust.
You feel strangely unstable.
The orc throws a boomerang.
Something hits you but does no damage.
Unknown command.
You closely miss something.
You hear some strange, mumbled words.
A magic dart appears from out of thin air!
The magic dart hits you!
You die...

#.######. #####........
...##..######
....##.)#...##
....##..#.#.##
>....##..#.#.##
...######.....##).#.#.##
.....................>#
#@# ....##..#.### #{#
... #..#.# #o# ##
##..#.# #####
#o#######...#.# #...#
#.#.......#.#.# #.o.#
##...#######.#.# #.o.#
##...## #.#.# #...#
#..(## #.# #...# #.#.#
.#


You could see 2 orcs.

Vanquished Creatures
  4 adders (D:2)
  A worm (D:2)
  4 dart slugs
  3 orcs (D:3)
  4 ball pythons
  8 bats
  4 endoplasms
  6 goblins
  2 hobgoblins
  4 jackals (D:2)
  2 kobolds
  5 quokkas
  3 frilled lizards
  A rat (D:2)
51 creatures vanquished.

Notes
Turn   | Place    | Note
-------+----------+-------------------------------------------
     0 | D:1      | Newt the Demonspawn Gladiator began the quest for the Orb.
     0 | D:1      | Reached XP level 1. HP: 16/16 MP: 1/1
    50 | D:1      | Reached skill level 1 in Stealth
   101 | D:1      | Gained mutation: You may rarely emit foul miasma when
                  | damaged in melee. [demonic ancestry]
   101 | D:1      | Reached XP level 2. HP: 19/22 MP: 2/2
   327 | D:1      | Found a faded altar of an unknown god.
   536 | D:1      | Reached skill level 3 in Fighting
   696 | D:1      | You fall into a shaft and drop 1 floor!
   781 | D:2      | Gained mutation: A meltable shield of frost defends you.
                  | (SH +4) [demonic ancestry]
   781 | D:2      | Reached XP level 3. HP: 29/29 MP: 3/3
  1511 | D:2      | HP: 2/45 [poisoned by an adder]
  2033 | D:2      | Reached skill level 4 in Fighting
  2033 | D:2      | Reached XP level 4. HP: 28/37 MP: 4/4
  3169 | D:3      | Killed from afar by an orc wizard

Illustrated notes

Levels and vault maps discovered:
D:1:      minmay_arrival_hallway, layout_basic, ebering_ecumenical_altar_ruins,
          minmay_misc_feat_tower
D:2:      layout_basic
D:3:      layout_basic, nicolae_ashenzari_skybound

Skill      XL: |  1  2  3  4 |
---------------+-------------+-----
Stealth        | 1 |  1.5
Fighting       | 3 4 |  4.0
Throwing       | 2 |  2.5
Short Blades   | |  2.6
Dodging        | |  2.6

Action                     |  1- 3 |  4- 6 || total
---------------------------+-------+-------++-------
  Melee: Rapier            |   139 |    45 ||   184
  Throw: Javelin           |     1 |     2 ||     3
         Throwing net      |       |     1 ||     1
    Use: Scroll            |     3 |     4 ||     7
         Potion            |     3 |       ||     3
   Stab: Sleeping          |     1 |       ||     1
 Armour: Leather armour    |    51 |     8 ||    59
  Dodge: Dodged            |    90 |    22 ||   112
  Block: Other             |    17 |    12 ||    29

Table legend: (Time is in decaauts)
 A = Elapsed time spent in this place.
 B = Non-inter-level travel time spent in this place.
 C = Inter-level travel time spent in this place.
 D = Time resting spent in this place.
 E = Time spent auto-exploring this place.
 F = Levels seen in this place.
 G = Mean time per level.
                   A        B        C        D        E       F      G
               +--------+--------+--------+--------+--------+-----+--------+
         Total |   3180 |   2881 |    299 |    603 |   1868 |   3 | 1060.0 |
       Dungeon |   3180 |   2881 |    299 |    603 |   1868 |   3 | 1060.0 |
               +--------+--------+--------+--------+--------+-----+--------+

Top non-repeatable levels by time:
     D:2: 1868 daAuts
     D:1: 1134 daAuts
     D:3: 177 daAuts
